 Dungeon Crawl Stone Soup version 0.29.1-14-g9c671dbff4 (webtiles) character file.

Game seed: 10096398044143006623

42 adizb the Shooter (level 3, -1/21 HPs)
             Began as a Deep Elf Hunter on Feb 15, 2023.
             Slain by Sigmund
             ... wielding a +1 scythe of freezing
              (3 damage)
             ... on level 2 of the Dungeon.
             The game lasted 00:07:17 (704 turns).

adizb the Shooter (Deep Elf Hunter)                  Turns: 704, Time: 00:07:17

Health: -1/21      AC: 12    Str:  8    XL:     3   Next: 35%
Magic:  6/6        EV:  3    Int: 13    God:
Gold:   57         SH:  0    Dex: 20    Spells: 3/3 levels left

rFire   . . .      SeeInvis .   h - +0 dagger
rCold   . . .      Faith    .   (no shield)
rNeg    . . .      Spirit   .   g - +0 shadow dragon scales
rPois   .          Reflect  .   (no helmet)
rElec   .          Harm     .   (no cloak)
rCorr   .          Rampage  .   f - +0 pair of gloves
Will    .....                   (no boots)
Stlth   +++.......              (no amulet)
HPRegen 0.07/turn               (no ring)
MPRegen 0.10/turn               (no ring)

@: no status effects
A: no striking features
a: no special abilities


You were on level 2 of the Dungeon.
You visited 1 branch of the dungeon, and saw 2 of its levels.

You collected 57 gold pieces.

Inventory:

Hand Weapons
 a - a +0 shortbow
 h - a +0 dagger (weapon)
Armour
 c - a +0 leather armour
 f - a +0 pair of gloves (worn)
 g - +0 shadow dragon scales (worn)
Magical Staves
 i - a staff of fire
Scrolls
 b - a scroll of immolation
 e - 3 scrolls of enchant armour {unknown}
Potions
 d - a potion of flight {unknown}


   Skills:
 + Level 1.9 Fighting
 * Level 1.1 Short Blades
 + Level 5.7 Ranged Weapons
 + Level 0.3 Armour
 - Level 2.4 Dodging
 + Level 2.0 Stealth
 - Level 0.8 Spellcasting
 - Level 0.6 Hexes
 - Level 0.2 Earth Magic


You had 3 spell levels left.
You didn't know any spells.
Your spell library contained the following spells:

 Spells                   Type           Power      Damage    Failure   Level
 Freeze                   Ice            0%         1d3       100%        1
 Call Canine Familiar     Summ           0%         N/A       100%        3
 Frozen Ramparts          Ice            0%         1d1       100%        3
 Portal Projectile        Hex/Tloc       2%         N/A       100%        3
 Hailstorm                Conj/Ice       0%         3d3       100%        4
 Leda's Liquefaction      Hex/Erth       0%         N/A       100%        4


Dungeon Overview and Level Annotations

Branches:
Dungeon (2/15)

Altars:

Annotations:
D:2 Sigmund


Message History

You barely miss Sigmund.
Sigmund is severely wounded.
Sigmund barely misses you.
You hit Sigmund but do no damage.
Sigmund is severely wounded.
Sigmund hits you but does no damage.
You closely miss Sigmund.
Sigmund is severely wounded.
You hit Sigmund.
Sigmund is severely wounded.
Sigmund hits you but does no damage.
You hit Sigmund.
Sigmund is almost dead.
Sigmund points at you and mumbles some strange words.
The puff of flame hits you.
You closely miss Sigmund.
Sigmund is almost dead.
Sigmund completely misses you.
You barely miss Sigmund.
Sigmund is almost dead.
You hit Sigmund.
Sigmund is almost dead.
Sigmund hits you with a +1 scythe of freezing.
Sigmund freezes you.
You barely miss Sigmund.
Sigmund is almost dead.
Sigmund hits you with a +1 scythe of freezing!
Sigmund freezes you.
You barely miss Sigmund.
Sigmund is almost dead.
You hit Sigmund.
Sigmund is almost dead.
Sigmund gestures at you while chanting. You resist with some effort.
You hit Sigmund but do no damage.
Sigmund is almost dead.
Sigmund hits you with a +1 scythe of freezing.
* * * LOW HITPOINT WARNING * * *
Sigmund freezes you.
You die...

#.<.####..
.#.#####....## .
..........#..#.#
.....####.##....
#...( #.......#.
...###.......#
...#.......#
#@#.........
#.@###......
#..............
#...###.....#####
..# .....## .
###.## .. ...
....


You could see Sigmund.

Vanquished Creatures
  A dart slug (D:1)
  4 ball pythons (D:1)
  7 bats (D:1)
  3 endoplasms (D:1)
  2 giant cockroaches (D:1)
  2 goblins (D:1)
  3 hobgoblins (D:1)
  3 jackals (D:1)
  3 kobolds (D:1)
  A quokka (D:1)
  3 frilled lizards (D:1)
  A rat (D:1)
33 creatures vanquished.

Vanquished Creatures (others)
  2 plants (D:1)
2 creatures vanquished.

Grand Total: 35 creatures vanquished

Notes
Turn   | Place    | Note
-------+----------+-------------------------------------------
     0 | D:1      | adizb the Deep Elf Hunter began the quest for the Orb.
     0 | D:1      | Reached XP level 1. HP: 12/12 MP: 3/3
   102 | D:1      | Reached XP level 2. HP: 15/17 MP: 3/5
   347 | D:1      | Found a faded altar of an unknown god.
   372 | D:1      | Reached XP level 3. HP: 18/21 MP: 6/6
   420 | D:1      | Reached skill level 1 in Short Blades
   689 | D:2      | Noticed Sigmund
   704 | D:2      | Slain by Sigmund

Illustrated notes

Levels and vault maps discovered:
D:1:      denvon_arrival_planthouse, layout_basic,
          hellmonk_ecumenical_altar_inner_sanctum, minmay_pentomino_r4
D:2:      layout_rooms, uniq_sigmund, uniq_jessica, uniq_crazy_yiuf_cottage

Skill      XL: |  1  2  3 |
---------------+----------+-----
Short Blades   | 1 |  1.1
Stealth        | 2 |  2.0
Fighting       | |  1.9
Ranged Weapons | |  5.7
Armour         | |  0.3
Dodging        | |  2.4
Spellcasting   | |  0.8
Hexes          | |  0.6
Earth Magic    | |  0.2

Action                   || total
-------------------------++-------
Melee: Dagger            ||    38
 Fire: Shortbow          ||    76
  Use: Scroll            ||     1
 Stab: Distracted        ||     1
       Sleeping          ||     1
Armor: Leather armour    ||     3
       Shadow dragon sca ||    60
Dodge: Dodged            ||    21
